AoeStats
← Fraise le conquérant

Arena

506691319Analyzed
2v2 RM · 17d ago on Sep 14, 2026· 46m 29s· 4 players
Game mode
Random Map
Map size
Medium (4 player)
Population
200
Speed
Normal
Resources
Standard
Victory
Conquest
Starting age
Dark Age
Ending age
Imperial Age
RankedLock teamsTeams togetherTeam positionsShared explorationLock speedFull tech treeHidden civsTurbo modeCheats
Victory
Defeat
🇫🇷 Ethiopians · France
900
+14
🇫🇷 Franks · France
892
+15
🇹🇷 Celts · Türkiye
872
-15
🇫🇷 Aztecs · France
857
-14
Skibidi Bop
11:33 Feudal Age
16:14 Castle Age
14:47 Double-Bit Axe
14:49 Horse Collar
15:23 Gold Mining
15:24 Stone Mining
17:52 Bow Saw
17:45 Heavy Plow
23:51 Wheelbarrow
23:32 Gold Mining
24:58 Stone Mining
25:53 Gold Shaft Mining
26:18 Hand Cart
30:45 Imperial Age
30:22 Squires
30:09 Gambesons
30:12 Arson
29:48 Eagle Warrior
30:41 Forging
30:33 Scale Mail Armor
30:33 Padded Archer Armor
30:24 Fletching
31:03 Ballistics
31:04 Pikeman
33:00 Stone Shaft Mining
31:54 Capped Ram
31:55 Onager
32:01 Onager
32:03 Elite Eagle Warrior
33:24 Iron Casting
33:04 Chain Mail Armor
33:05 Leather Archer Armor
33:49 Bodkin Arrow
33:22 Crossbowman
33:22 Elite Skirmisher
35:06 Chemistry
33:36 Siege Onager
33:38 Siege Ram
34:44 Arbalester
44:27 Blast Furnace
43:58 Plate Mail Armor
43:28 Bracer
elgnberat
9:52 Feudal Age
11:01 Double-Bit Axe
14:14 Horse Collar
18:33 Castle Age
18:39 Castle Age
17:14 Forging
19:08 Stone Mining
19:55 Bow Saw
19:38 Gold Mining
19:49 Heavy Plow
27:31 Gold Shaft Mining
30:17 Imperial Age
30:41 Pikeman
31:07 Arson
34:41 Wheelbarrow
35:07 Heavy Scorpion
Germain
10:20 Feudal Age
11:41 Wheelbarrow
10:55 Double-Bit Axe
13:57 Horse Collar
16:46 Castle Age
15:47 Loom
15:48 Town Watch
17:49 Bow Saw
17:43 Heavy Plow
32:05 Imperial Age
29:48 Stone Mining
30:19 Fortified Wall
30:30 Ballistics
31:11 Fletching
31:22 Padded Archer Armor
31:22 Scale Mail Armor
31:33 Forging
34:08 Chemistry
35:19 Bodkin Arrow
35:40 Siege Engineers
38:06 Chain Mail Armor
43:12 Torsion Engines
Fraise le conquérant
0:30 Loom
11:02 Feudal Age
11:35 Double-Bit Axe
13:04 Wheelbarrow
19:24 Castle Age
17:21 Gold Mining
17:35 Stone Mining
21:25 Hand Cart
21:23 Bow Saw
27:46 Pikeman
28:44 Murder Holes
31:42 Imperial Age
31:04 Husbandry
32:08 Scale Barding Armor
32:49 Conscription
31:54 Cavalier
33:05 Forging
35:13 Chain Barding Armor
36:17 Paladin
42:42 Iron Casting
Connection lost

Rejoining the realm…

Still unreachable

The connection could not be restored.

Session expired

The server has moved on; the page needs a fresh start.